Map: Inside and Out

Players

Astrea - Winner!

  • Race: Protoss Protoss
  • League: Master
  • Spawn Location: 7:00

Rex

  • Race: Zerg Zerg
  • League: Diamond
  • Spawn Location: 1:00

Event: HomeStory Cup XXII

VOD

Have the link to the VOD?

Description

Time

  • Played on: Dec. 16, 2022, 7:36 a.m.
  • Length: 9:08

All games in this series

Show
View Real Time Build Order
Export as new Build Order

Astrea Protoss - Winner!

Build Orders: 1 Gate Expand, Oracle Opening, Zealot Archon, Archon Drop 

Get SALT Encoding   

  12  0:00  Probe  
  13  0:12  Probe  
  14  0:17  Pylon  
  14  0:24  Probe (Chrono Boost)  
  15  0:36  Probe (Chrono Boost)  
  15  0:37  Gateway  
  16  0:44  Probe (Chrono Boost)  
  16  0:48  Assimilator  
  17  0:51  Probe  
  18  1:03  Probe  
  19  1:15  Probe  
  20  1:23  Nexus  
  20  1:27  Probe  
  21  1:36  Cybernetics Core  
  21  1:41  Assimilator  
  21  1:44  Probe  
  22  1:50  Pylon  
  22  1:57  Probe  
  23  2:09  Probe (Chrono Boost)  
  23  2:10  Adept (Chrono Boost)  
  26  2:18  Probe (Chrono Boost)  
  26  2:19  Stargate  
  27  2:23  Probe (Chrono Boost)  
  27  2:28  Warp Gate  
  28  2:32  Adept  
  28  2:35  Probe (Chrono Boost)  
  32  2:41  Probe (Chrono Boost)  
  33  2:45  Probe (Chrono Boost)  
  33  2:48  Probe (Chrono Boost)  
  33  2:50  Probe (Chrono Boost)  
  35  2:59  Probe  
  35  3:00  Oracle (Chrono Boost)  
  35  3:01  Probe  
  35  3:03  Pylon  
  40  3:11  Probe  
  41  3:13  Gateway  
  41  3:17  Probe  
  42  3:23  Probe  
  43  3:29  Oracle (Chrono Boost), Probe  
  47  3:37  Probe  
  48  3:42  Nexus  
  48  3:43  Pylon  
  48  3:46  Probe  
  49  3:50  Probe  
  50  3:58  Probe  
  50  3:59  Assimilator  
  50  4:01  Assimilator, Pylon  
  50  4:02  Probe  
  52  4:10  Forge, Probe (Chrono Boost)  
  52  4:12  Twilight Council  
  52  4:16  Probe (Chrono Boost)  
  54  4:20  Adept  
  54  4:22  Probe (Chrono Boost)  
  57  4:27  Robotics Facility  
  59  4:31  Probe x2 (Chrono Boost)  
  59  4:37  Probe  
  59  4:38  Probe  
  60  4:43  Gateway  
  60  4:44  Gateway  
  61  4:49  Probe  
  61  4:50  Probe  
  63  4:53  Protoss Ground Weapons Level 1 (Chrono Boost)  
  63  4:59  Charge, Probe  
  64  5:01  Probe  
  64  5:02  Probe  
  64  5:04  Templar Archives  
  66  5:10  Warp Prism (Chrono Boost)  
  66  5:11  Probe  
  66  5:13  Probe  
  68  5:14  Probe  
  68  5:19  Adept x2  
  71  5:23  Probe  
  71  5:25  Probe  
  73  5:31  Gateway x2, Probe  
  73  5:34  Shield Battery  
  73  5:35  Probe  
  75  5:44  Probe  
  78  5:50  Photon Cannon, Assimilator x2  
  78  5:51  Pylon  
  78  5:52  Pylon  
  78  5:54  High Templar x2  
  78  5:56  High Templar  
  85  5:59  High Templar  
  85  6:00  Archon  
  85  6:02  Probe  
  85  6:03  Archon  
  85  6:08  Probe  
  85  6:12  Immortal  
  85  6:14  Probe  
  85  6:16  Probe  
  87  6:20  Photon Cannon, Probe  
  87  6:21  Pylon  
  92  6:28  Probe  
  92  6:32  Probe  
  94  6:35  Zealot  
  94  6:36  Zealot x2  
  94  6:37  Zealot  
  94  6:38  Probe  
  100  6:43  Probe  
  100  6:44  Zealot x2  
  100  6:46  Probe  
  106  6:50  Probe  
  107  6:59  Zealot x4  
  109  7:04  Robotics Bay  
  109  7:06  Pylon  
  109  7:10  Pylon  
  105  7:20  Zealot x3  
  107  7:24  Zealot x3  
  107  7:25  Nexus  
  107  7:28  Immortal  
  107  7:41  Pylon  
  107  7:43  Zealot x3  
  107  7:44  Zealot  
  107  7:45  Zealot x2  
  88  8:05  Zealot x3  
  88  8:06  Zealot x3  
  88  8:12  Disruptor (Chrono Boost)  
  104  8:15  Probe x3  
  106  8:26  Stalker  
  108  8:27  Zealot x5, Probe x3  
  108  8:32  Gateway  
  121  8:35  Shield Battery, Gateway  
  121  8:36  Photon Cannon  
  121  8:37  Disruptor (Chrono Boost)  
  121  8:39  Probe  
  123  8:43  Pylon  
  119  8:49  Zealot x6  
  119  8:53  Probe x2  
Show
View Real Time Build Order
Export as new Build Order

Rex Zerg 

Build Orders: Hatch First 

Get SALT Encoding   

  12  0:00  Drone  
  13  0:12  Overlord  
  13  0:16  Drone  
  14  0:30  Drone  
  14  0:31  Drone  
  16  0:52  Drone  
  16  0:53  Hatchery  
  16  0:54  Drone  
  17  0:57  Drone  
  18  1:09  Extractor  
  17  1:14  Spawning Pool  
  16  1:18  Drone  
  16  1:21  Drone  
  18  1:28  Drone  
  19  1:39  Drone  
  20  1:49  Overlord  
  20  2:02  Queen  
  20  2:05  Queen  
  20  2:06  Zergling x4  
  26  2:10  Metabolic Boost  
  26  2:15  Drone  
  27  2:16  Drone  
  27  2:22  Drone  
  29  2:27  Drone  
  30  2:40  Hatchery  
  30  2:43  Drone  
  30  2:48  Queen  
  32  2:52  Drone  
  32  2:55  Overlord  
  33  3:02  Drone  
  34  3:07  Drone  
  34  3:08  Drone  
  34  3:09  Overlord  
  36  3:12  Queen  
  36  3:17  Drone x2  
  40  3:24  Queen  
  40  3:26  Drone  
  43  3:28  Drone  
  43  3:29  Drone  
  45  3:34  Drone x2  
  45  3:40  Spore Crawler  
  46  3:43  Spore Crawler, Drone x2  
  46  3:48  Drone x2  
  49  3:50  Drone  
  50  3:56  Overlord  
  50  3:59  Queen  
  50  4:01  Evolution Chamber  
  51  4:03  Drone  
  51  4:07  Drone x2  
  54  4:10  Overlord  
  54  4:12  Drone  
  55  4:17  Drone x4  
  55  4:22  Drone  
  60  4:25  Queen  
  60  4:27  Drone x2  
  64  4:36  Drone x4  
  66  4:38  Zerg Melee Weapons Level 1  
  66  4:40  Drone x2  
  66  4:44  Spore Crawler  
  66  4:52  Zergling x14  
  69  5:10  Hatchery  
  65  5:17  Lair  
  65  5:20  Drone x5  
  69  5:29  Drone  
  69  5:31  Baneling Nest, Drone x3, Extractor  
  69  5:34  Overlord  
  71  5:36  Roach Warren  
  65  5:44  Drone x5  
  65  5:45  Drone  
  70  5:54  Extractor  
  70  5:55  Zergling x14  
  76  6:01  Overlord  
  76  6:03  Zergling x8  
  80  6:09  Zergling x4  
  80  6:13  Drone x4  
  80  6:15  Extractor  
  80  6:16  Extractor  
  79  6:20  Overlord x2  
  79  6:23  Overlord  
  79  6:24  Glial Reconstitution  
  79  6:44  Roach x11  
  93  6:55  Roach x5  
  93  6:57  Roach  
  105  7:02  Roach x3  
  111  7:09  Roach  
  111  7:10  Roach x2  
  111  7:12  Roach  
  111  7:15  Roach x2  
  111  7:19  Roach  
  111  7:20  Roach  
  103  7:24  Zergling x4  
  103  7:27  Roach  
  99  7:32  Roach x2  
  99  7:34  Roach  
  103  7:37  Roach  
  103  7:43  Roach x2  
  91  7:52  Roach  
  91  7:53  Roach  
  91  7:56  Roach  
  87  8:01  Drone  
  87  8:02  Drone x2  
  87  8:03  Drone x3  
  86  8:06  Drone x2  
  86  8:16  Roach x3  
  86  8:19  Roach  
  94  8:21  Roach  
  94  8:23  Roach  
  94  8:25  Roach  
  100  8:28  Roach  
  100  8:32  Roach  
  100  8:33  Roach  
  106  8:37  Roach  
  107  8:47  Roach  
  107  8:48  Roach x2  
  97  8:49  Zergling x2  
Tags
 
Add a new tag
Caveats
  • Supply blocks, unpowered buildings, or Contaminate may cause inaccurate times.
  • Supply counts are checked every 10 seconds.